AoeStats
← chenya_ko

Arabia

509307900Analyzed
1v1 RM · 7d ago on Sep 26, 2026· 50m 28s· 2 players
Game mode
Random Map
Map size
Tiny (2 player)
Population
200
Speed
Normal
Resources
Standard
Victory
Conquest
Starting age
Dark Age
Ending age
Imperial Age
RankedLock teamsTeams togetherTeam positionsShared explorationLock speedFull tech treeHidden civsTurbo modeCheats
Victory
Defeat
🇹🇼 Japanese · Taiwan
1030
+18
🇫🇷 Mongols · France
1070
-18
chenya_ko
1:57 Loom
9:46 Feudal Age
10:20 Double-Bit Axe
9:59 Man-at-Arms
15:15 Wheelbarrow
15:14 Fletching
22:44 Castle Age
20:59 Gold Mining
20:51 Horse Collar
21:19 Arson
21:49 Padded Archer Armor
21:50 Scale Mail Armor
22:01 Forging
22:47 Long Swordsman
23:13 Gambesons
23:29 Squires
23:47 Bow Saw
23:03 Elite Skirmisher
24:15 Chain Mail Armor
24:49 Bodkin Arrow
26:05 Iron Casting
26:25 Leather Archer Armor
26:20 Heavy Plow
26:48 Town Watch
30:09 Hand Cart
39:15 Imperial Age
38:15 Ballistics
41:00 Chemistry
39:24 Two-Handed Swordsman
40:27 Bracer
40:58 Plate Mail Armor
41:29 Blast Furnace
42:29 Stone Mining
43:15 Gold Shaft Mining
43:24 Champion
45:00 Conscription
44:17 Pikeman
45:41 Halberdier
dylangourgousse
4:30 Loom
9:56 Feudal Age
11:06 Double-Bit Axe
11:02 Horse Collar
23:06 Castle Age
21:44 Gold Mining
21:50 Fletching
22:20 Bloodlines
23:27 Forging
24:45 Bow Saw
24:37 Heavy Plow
25:16 Gold Shaft Mining
25:09 Stone Mining
25:56 Bodkin Arrow
28:01 Stone Shaft Mining
33:27 Imperial Age
32:44 Elite Skirmisher
37:36 Husbandry
39:34 Chemistry
39:33 Light Cavalry
41:00 Ballistics
40:36 Murder Holes
41:22 Iron Casting
42:17 Scale Barding Armor
42:42 Conscription
Connection lost

Rejoining the realm…

Still unreachable

The connection could not be restored.

Session expired

The server has moved on; the page needs a fresh start.